 Dungeon Crawl Stone Soup version 0.22-a0-877-g5c4e1afb51 (webtiles) character file.

291 Flugkiller the Skirmisher (level 6, 0/49 HPs)
             Began as a Formicid Abyssal Knight on July 29, 2018.
             Was a Priest of Lugonu.
             Slain by a phantom (8 damage)
             ... on level 4 of the Dungeon.
             The game lasted 00:07:08 (4012 turns).

Flugkiller the Skirmisher (Formicid Abyssal Knight) Turns: 4012, Time: 00:07:09

Health: 0/49       AC:  9    Str: 19    XL:     6   Next: 59%
Magic:  9/9        EV: 10    Int: 11    God:    Lugonu [***...]
Gold:   132        SH:  0    Dex: 10    Spells: 5/5 levels left

rFire    . . .     SeeInvis +   a - +1 hand axe
rCold    . . .     Gourm    .   (no shield)
rNeg     . . .     Faith    .   p - +0 scale mail
rPois    .         Spirit   .   (helmet unavailable)
rElec    .         Reflect  .   (no cloak)
rCorr    .         Harm     .   g - +1 pair of gloves
MR       .....                  (no boots)
Stlth    ..........             (no amulet)
HPRegen  0.16/turn              l - ring of attention (curse)
MPRegen  0.11/turn              (no ring)

@: no status effects
A: permanent stasis, dig shafts and tunnels, four strong arms, antennae 3
a: Dig, Shaft Self, Depart the Abyss, Bend Space, Banish, Renounce Religion


You were on level 4 of the Dungeon.
You worshipped Lugonu.
Lugonu was most pleased with you.
You were not hungry.

You visited 1 branch of the dungeon, and saw 4 of its levels.
You visited the Abyss 1 time.

You collected 132 gold pieces.

Inventory:

Hand Weapons
 a - a +1 hand axe (weapon)
Armour
 g - a +1 pair of gloves (worn)
 p - a +0 scale mail (worn)
Jewellery
 l - a cursed ring of attention (left hand)
Scrolls
 b - a scroll of identify
 d - a scroll of immolation
 e - a scroll of fear
 f - a scroll of fog {unknown}
 h - a scroll of magic mapping
 q - a scroll of remove curse
Potions
 i - 2 potions of flight
 j - 4 potions of brilliance
 k - a potion of heal wounds {unknown}
 m - a potion of magic {unknown}
 n - a potion of lignification {unknown}
Comestibles
 c - 6 rations


   Skills:
 + Level 4.6 Fighting
 + Level 3.5 Axes
 + Level 3.9 Armour
 - Level 1.2 Dodging
 + Level 4.1 Invocations


You had 5 spell levels left.
You didn't know any spells.
Your spell library contained the following spells:

 Spells                   Type           Power        Failure   Level  Hunger
 Confuse                  Hex            #.......     97%         3    ####...
 Tukima's Dance           Hex            #.......     97%         3    ####...
 Confusing Touch          Hex            #.....       71%         1    ##.....
 Ensorcelled Hibernation  Hex/Ice        #.....       83%         2    ###....
 Metabolic Englaciation   Hex/Ice        #.........   100%        5    ######.
 Corona                   Hex            #......      71%         1    ##.....
 Petrify                  Tmut/Erth      #.......     100%        4    #####..
 Dazzling Spray           Conj/Hex       #.....       97%         3    ####...
 Gell's Gravitas          Tloc           #.........   97%         3    ####...
 Yara's Violent Unravell  Hex/Tmut       #.........   100%        5    ######.


Dungeon Overview and Level Annotations

Branches:
Dungeon (4/15)
 Temple: D:4-7

Altars:
Elyvilon
Ru
Uskayaw
Vehumet


Innate Abilities, Weirdness & Mutations

You cannot be hasted, slowed, berserked, paralysed or teleported.
You can dig through walls and to a lower floor.
Your four strong arms can wield two-handed weapons with a shield.
You have a pair of large antennae on your head. (SInv)


Message History

The phantom is severely damaged.
The phantom hits you but does no damage.
You hit the phantom but do no damage.
The phantom is severely damaged.
The phantom barely misses you.
You hit the phantom.
The phantom is severely damaged.
The phantom hits you!
* * * LOW HITPOINT WARNING * * *
You hit the phantom.
The phantom is almost destroyed.
The phantom hits you.
* * * LOW HITPOINT WARNING * * *
You closely miss the phantom.
The phantom is almost destroyed.
The phantom hits you but does no damage.
You miss the phantom.
The phantom is almost destroyed.
The phantom hits you!
You die...

# # { #### #..
# #.# .#
#.####..
#.#... {
#.#####.#.#
#......@..##.#
#######W.....#
########


You could see a phantom.

Vanquished Creatures
  A scorpion (D:3)
  A hound (D:3)
  Terence (D:3)
  3 gnolls (D:3)
  7 adders
  4 worms
  3 dart slugs (D:1)
  4 leopard geckos
  An orc (D:3)
  2 ball pythons
  10 bats
  5 giant cockroaches
  3 goblins
  9 hobgoblins
  6 jackals (D:3)
  2 quokkas (D:3)
  6 frilled lizards
  4 kobolds
  6 rats
78 creatures vanquished.

Notes
Turn   | Place    | Note
-------+----------+-------------------------------------------
     0 | Abyss:1  | Flugkiller the Formicid Abyssal Knight began the quest for the Orb.
     0 | Abyss:1  | Reached XP level 1. HP: 18/18 MP: 2/2
    21 | D:1      | Escaped the Abyss
    80 | D:1      | Reached skill level 1 in Dodging
   136 | D:1      | Reached XP level 2. HP: 20/24 MP: 3/3
   328 | D:1      | Reached XP level 3. HP: 22/29 MP: 4/4
   763 | D:2      | Reached ** piety under Lugonu
   982 | D:2      | Reached XP level 4. HP: 37/37 MP: 6/6
  1104 | D:2      | Found a white marble altar of Elyvilon.
  1709 | D:3      | Found a sacrificial altar of Ru.
  1739 | D:3      | Noticed Terence
  1758 | D:3      | Killed Terence
  1758 | D:3      | Reached XP level 5. HP: 32/42 MP: 7/7
  2029 | D:3      | Found a radiant altar of Vehumet.
  2490 | D:3      | Reached *** piety under Lugonu
  3290 | D:3      | Reached XP level 6. HP: 47/49 MP: 8/8
  3604 | D:3      | Found a hide-covered altar of Uskayaw.
  3963 | D:4      | Noticed a phantom
  4012 | D:4      | Slain by a phantom

Vault maps used:
D:1:      shiori_arrival_elements, hangedman_decor_push
D:2:      lemuel_round_altar
D:3:      eat_drink_and_be_merry_uskayaw, marbit_many_paths, lemuel_round_altar,
          st_stairs_12, uniq_crazy_yiuf_cottage, uniq_terence
D:4:      minmay_temple_entry_mist, uniq_blork_the_orc

Skill      XL: |  1  2  3  4  5  6 |
---------------+-------------------+-----
Dodging        | 1 |  1.2
Invocations    | 3 4 |  4.1
Armour         | 3 |  3.9
Fighting       | 4 |  4.6
Axes           | 3 |  3.5

Action                   |  1- 3 |  4- 6 || total
-------------------------+-------+-------++-------
Melee: Hand axe          |    80 |   273 ||   353
Invok: Bend Space        |       |     2 ||     2
  Use: Scroll            |     5 |     2 ||     7
  Eat: Chunk             |       |     7 ||     7
       Ration            |       |     1 ||     1
Armor: Ring mail         |    37 |    63 ||   100
       Scale mail        |       |    71 ||    71
Dodge: Dodged            |    31 |   168 ||   199

Table legend:
 A = Spawn XP
 B = Non-spawn XP
 C = Spawn XP percentage of total XP
 D = Spawn monster count
 E = Non-spawn monster count
 F = Spawn count percentage of total count
 G = Total turns spent on level
                    A         B        C        D         E        F      G
               +---------+---------+-------+---------+---------+-------+---------
         Total |       0 |     417 |   0.0 |       0 |      78 |   0.0 |  4012
               +---------+---------+-------+---------+---------+-------+---------
           D:1 |       0 |      32 |   0.0 |       0 |      15 |   0.0 |   673
           D:2 |       0 |      65 |   0.0 |       0 |      24 |   0.0 |  1316
           D:3 |       0 |     317 |   0.0 |       0 |      38 |   0.0 |  1949
           D:4 |       0 |       3 |   0.0 |       0 |       1 |   0.0 |    53
               +---------+---------+-------+---------+---------+-------+---------
